 Dungeon Crawl Stone Soup version 0.30-a0-364-gf6b3ef1049 (webtiles) character file.

Game seed: 15711972662943526123

1437 Hubris850 the Cleaver (level 8, 0/66 HPs)
             Began as a Hill Orc Fighter on Nov 14, 2022.
             Was an Initiate of Qazlal.
             Slain by a black bear (3 damage)
             ... on level 5 of the Dungeon.
             The game lasted 00:09:51 (3428 turns).

Hubris850 the Cleaver (Hill Orc Fighter)            Turns: 3428, Time: 00:09:52

Health: 0/66       AC: 13    Str: 21    XL:     8   Next: 74%
Magic:  8/8        EV: 10    Int:  8    God:    Qazlal [......]
Gold:   210        SH:  5    Dex: 10    Spells: 7/7 levels left

rFire   . . .      SeeInvis +    v - +3 flail (protect)
rCold   . . .      Faith    .    c - +0 buckler
rNeg    . . .      Spirit   .    u - +0 troll leather armour {Pargi}
rPois   .          Reflect  .    (no helmet)
rElec   .          Harm     .    s - +0 cloak
rCorr   .          Rampage  .    (no gloves)
Will    .....                    (no boots)
Stlth   +.........               (no amulet)
HPRegen 1.11/turn                g - ring of see invisible
MPRegen 0.11/turn                (no ring)

@: under a protective aura
A: no striking features
a: Renounce Religion


You were on level 5 of the Dungeon.
You worshipped Qazlal.
Qazlal was noncommittal.
You visited 2 branches of the dungeon, and saw 6 of its levels.

You collected 210 gold pieces.

Inventory:

Hand Weapons
 a - a +0 war axe
 v - a +3 flail of protection (weapon)
Missiles
 y - a boomerang (quivered)
Armour
 b - a +0 scale mail
 c - a +0 buckler (worn)
 e - a +0 chain mail
 s - a +0 cloak (worn)
 u - a +0 troll leather armour (worn) {Pargi}
Magical Staves
 f - a staff of fire
Jewellery
 g - a ring of see invisible (left hand)
 m - a +6 ring of intelligence
 o - a +6 ring of intelligence
Wands
 d - a wand of digging (3)
Scrolls
 h - 4 scrolls of blinking
Potions
 i - 4 potions of invisibility
 j - 3 potions of lignification
 k - a potion of berserk rage {unknown}
 n - a potion of brilliance {unknown}
 q - a potion of heal wounds {unknown}
 r - 2 potions of curing {unknown}
 t - 4 potions of flight
 x - a potion of attraction {unknown}
 z - a potion of cancellation {unknown}
 D - a potion of degeneration {unknown}


   Skills:
 - Level 4.0 Fighting
 + Level 8.9 Axes
 + Level 4.3 Throwing
 - Level 6.0 Armour
 - Level 6.0 Shields


You had 7 spell levels left.
You didn't know any spells.
Your spell library was empty.

Dungeon Overview and Level Annotations

Branches:
Dungeon (5/15)             Temple (1/1) D:4

Altars:
Nemelex Xobeh
Qazlal
Wu Jian
Xom

Shops:
D:1 *


Message History

The black bear claws you but does no damage.
Okay, then.
You barely miss the black bear.
The gnoll hits you from afar with a +0 halberd!
* * * LOW HITPOINT WARNING * * *
The black bear barely misses you.
The black bear claws you but does no damage.
The black bear misses you.
You sock the black bear!
The black bear is moderately wounded.
The gnoll barely misses you.
The black bear bites you but does no damage.
The black bear claws you but does no damage. x2
The gnoll misses you. The black bear barely misses you.
You block the black bear's attack. The black bear claws you.
* * * LOW HITPOINT WARNING * * *
You sock the black bear!
The black bear is almost dead.
The gnoll hits you from afar with a +0 halberd.
* * * LOW HITPOINT WARNING * * *
The black bear goes berserk!
You barely miss the black bear.
The black bear is severely wounded.
The black bear barely misses you. The black bear claws you.
* * * LOW HITPOINT WARNING * * *
You block the black bear's attack. The gnoll misses you.
You hit the black bear but do no damage.
The black bear is severely wounded.
The black bear bites you.
* * * LOW HITPOINT WARNING * * *
You block the black bear's attack. x2
The black bear bites you but does no damage.
The black bear claws you but does no damage. x2
The gnoll hits you from afar with a +0 halberd.
* * * LOW HITPOINT WARNING * * *
You hit the black bear.
The black bear is almost dead.
The black bear bites you but does no damage.
The black bear closely misses you. The black bear claws you.
You die...

..... ..... ## .....
#..## ...#
#...###..###. #
#....)....... #.
#####....##
###..###.##.O###.##
#.....@h.###g.....#
#.?#..##g.#...#...##
### #....####...#.
#............... .
##..............
..#...............
..........#.......
#.#........#.......
###. ..#
##.#....##.......


You could see a black bear (berserk) and a gnoll.

Vanquished Creatures
  Pikel (D:4)
  2 water moccasins (D:5)
  Pargi (D:3)
  An ice beast (D:3)
  An ogre (D:5)
  A lemure (D:5)
  A scorpion (D:3)
  2 necrophages (D:4)
  The ghost of Jaiden2121 the Trooper, a weakling DsBe of Trog (D:3)
  2 hounds (D:5)
  3 iguanas
  6 gnolls (D:5)
  2 adders
  3 worms
  4 dart slugs
  2 orcs (D:4)
  9 endoplasms
  A giant cockroach (D:2)
  5 hobgoblins
  8 kobolds
  2 quokkas (D:1)
  7 ball pythons
  4 bats
  2 frilled lizards
  2 goblins
  6 rats
79 creatures vanquished.

Notes
Turn   | Place    | Note
-------+----------+-------------------------------------------
     0 | D:1      | Hubris850 the Hill Orc Fighter began the quest for the Orb.
     0 | D:1      | Reached XP level 1. HP: 19/19 MP: 1/1
   182 | D:1      | Reached skill level 3 in Axes
   182 | D:1      | Reached XP level 2. HP: 27/27 MP: 2/2
   491 | D:1      | Reached XP level 3. HP: 33/33 MP: 3/3
   623 | D:1      | Found Dojew's Assorted Antiques.
  1453 | D:3      | Noticed Pargi
  1475 | D:3      | Killed Pargi
  1476 | D:3      | Reached skill level 4 in Axes
  1476 | D:3      | Reached XP level 4. HP: 14/40 MP: 4/4
  1476 | D:3      | Reached XP level 5. HP: 16/46 MP: 5/5
  1702 | D:3      | Found an ornate altar of the Wu Jian Council.
  1720 | D:3      | Found a shimmering altar of Xom.
  1753 | D:3      | Found a runed translucent door.
  1753 | D:3      | Noticed Jaiden2121's ghost (weakling DsBe)
  1849 | D:3      | Noticed an ice beast
  1865 | D:3      | Killed an ice beast
  1866 | D:3      | Reached skill level 5 in Axes
  1866 | D:3      | Reached skill level 5 in Armour
  1866 | D:3      | Reached skill level 5 in Shields
  1866 | D:3      | Reached XP level 6. HP: 50/52 MP: 6/6
  2346 | D:3      | Killed Jaiden2121's ghost
  2424 | D:4      | Reached XP level 7. HP: 59/59 MP: 7/7
  2710 | D:4      | Reached skill level 6 in Axes
  2850 | D:4      | Found a staircase to the Ecumenical Temple.
  2855 | Temple   | Entered the Ecumenical Temple
  2901 | Temple   | Became a worshipper of Qazlal Stormbringer
  3101 | D:5      | Entered Level 5 of the Dungeon
  3121 | D:5      | Reached skill level 1 in Throwing
  3228 | D:5      | Noticed Pikel
  3259 | D:4      | Killed Pikel
  3260 | D:4      | Reached skill level 8 in Axes
  3260 | D:4      | Reached XP level 8. HP: 27/66 MP: 8/8
  3427 | D:5      | HP: 1/66 [gnoll/+0 halberd (3)]
  3428 | D:5      | Slain by a black bear

Illustrated notes

Levels and vault maps discovered:
D:1:      saegor_arrival_simple_a, layout_basic, serial_shops,
          nicolae_shop_advertising_works [nicolae_subvault_shop_adworks],
          minmay_pentomino_w4
D:2:      layout_loops_cross, kennysheep_generic_room_2
D:3:      layout_loops_ring, mainiacjoe_overflow_catwalk_spiral,
          gammafunk_ghost_grave, chequers_serial_rivers_large_b,
          corexii_hall_statues_deadend, uniq_pargi
D:4:      layout_loops_ring, temple_doors_ab
D:5:      layout_cave_pools, minmay_manual_mess, uniq_pikel,
          uniq_crazy_yiuf_cottage
Temple:   nicolae_temple_figure_eight

Skill      XL: |  1  2  3  4  5  6  7  8 |
---------------+-------------------------+-----
Axes           | 3 4 5 8 |  8.9
Fighting       | 4 |  4.0
Armour         | 4 5 6 |  6.0
Shields        | 4 5 6 |  6.0
Throwing       | 3 4 |  4.3

Action                   |  1- 3 |  4- 6 |  7- 9 || total
-------------------------+-------+-------+-------++-------
Melee: War axe           |    99 |     7 |       ||   106
       Flail             |       |    76 |   160 ||   236
Throw: Boomerang         |       |       |     2 ||     2
  Use: Scroll            |     3 |       |     7 ||    10
       Potion            |     1 |       |     1 ||     2
Armor: Chain mail        |    54 |       |       ||    54
       Troll leather arm |       |    35 |    78 ||   113
Dodge: Dodged            |    41 |    39 |   102 ||   182
Block: Buckler           |    32 |    13 |    48 ||    93

Table legend: (Time is in decaauts)
 A = Elapsed time spent in this place.
 B = Non-inter-level travel time spent in this place.
 C = Inter-level travel time spent in this place.
 D = Time resting spent in this place.
 E = Time spent auto-exploring this place.
 F = Levels seen in this place.
 G = Mean time per level.
                   A        B        C        D        E       F      G
               +--------+--------+--------+--------+--------+-----+--------+
         Total |   3557 |   3414 |    143 |    279 |   2294 |   6 |  592.8 |
       Dungeon |   3494 |   3368 |    126 |    279 |   2252 |   5 |  698.8 |
        Temple |     63 |     46 |     17 |      0 |     42 |   1 |   63.0 |
               +--------+--------+--------+--------+--------+-----+--------+

Top non-repeatable levels by time:
     D:3: 1061 daAuts
     D:2: 741 daAuts
     D:4: 720 daAuts
     D:1: 676 daAuts
     D:5: 295 daAuts
  Temple: 63 daAuts
